 Dungeon Crawl Stone Soup version 0.31.0-12-g77e489cdc1 (webtiles) character file.

Game seed: 821214901353707409

344 Doomgape the Trooper (level 6, 0/40 HPs)
             Began as a Gargoyle Fighter on Feb 28, 2024.
             Frozen to death by an endoplasm (4 damage)
             ... on level 4 of the Dungeon.
             The game lasted 00:06:55 (2906 turns).

Doomgape the Trooper (Gargoyle Fighter)             Turns: 2906, Time: 00:06:55

Health: 0/40       AC: 16    Str: 20    XL:     6   Next: 58%
Magic:  6/6        EV:  7    Int: 16    God:
Gold:   162        SH:  4    Dex:  7    Spells: 5/5 levels left

rFire   . . .        a - +0 flail
rCold   . . .        c - +0 buckler
rNeg    + . .        j - +0 chain mail
rPois   ∞            (no helmet)
rElec   +            (no cloak)
rCorr   .            (no gloves)
SInv    .            (no boots)
Will    .....        (no amulet) Stlth
                     (no ring)
HPRegen 0.26/turn    (no ring)
MPRegen 0.10/turn

%: no passive effects
@: no status effects
A: sickness immunity, AC +4, negative energy resistance 1, electricity
resistance, torment resistance 1, petrification resistance, iridescent scales 1,
clever 2
a: no special abilities


You were on level 4 of the Dungeon.
You visited 1 branch of the dungeon, and saw 4 of its levels.

You collected 162 gold pieces.

Inventory:

Hand Weapons
 a - a +0 flail (weapon)
Armour
 c - a +0 buckler (worn)
 j - a +0 chain mail (worn)
Jewellery
 f - the ring "Rioj" {rF+ SInv}
   (You found it on level 3 of the Dungeon)

   [ring of protection from fire]

   rF+:       It protects you from fire.
   SInv:      It lets you see invisible.
 o - a ring of magical power
Wands
 d - a wand of roots (9)
Scrolls
 b - a scroll of revelation {unknown}
 e - a scroll of teleportation
 g - a scroll of torment {unknown}
 h - a scroll of identify {unknown}
 i - 2 scrolls of enchant weapon {unknown}
 l - a scroll of silence {unknown}
 n - 2 scrolls of blinking {unknown}
 p - a scroll of enchant armour {unknown}
Potions
 k - 3 potions of berserk rage {unknown}
 m - a potion of lignification {unknown}


   Skills:
 + Level 5.3 Fighting
 + Level 4.1 Maces & Flails
 + Level 5.2 Armour
 - Level 3.2 Shields


You had 5 spell levels left.
You didn't know any spells.
Your spell library contained the following spells:

 Spells                   Type           Power      Damage    Failure   Level
 Kiss of Death            Conj/Necr      0%         2d5       91%         1
 Lesser Beckoning         Tloc           0%         N/A       97%         2
 Mercury Vapours          Alch/Air       0%         N/A       97%         2
 Confusing Touch          Hex            0%         N/A       100%        3
 Gell's Gravitas          Tloc           0%         N/A       100%        3
 Mephitic Cloud           Conj/Alch/Air  0%         N/A       100%        3
 Teleport Other           Tloc           0%         N/A       100%        3
 Dispel Undead            Necr           0%         3d6       100%        4
 Freezing Cloud           Conj/Ice/Air   0%         6-21      100%        5
 Conjure Ball Lightning   Conj/Air       0%         3x3d6     100%        6
 Malign Gateway           Summ/Tloc      0%         N/A       100%        7
 Discord                  Hex            0%         N/A       100%        8
 Disjunction              Tloc           0%         N/A       100%        8
 Summon Horrible Things   Summ           0%         N/A       100%        8


Dungeon Overview and Level Annotations

Branches:
Dungeon (4/15)
 Temple: D:4-7

Altars:


Innate Abilities, Weirdness & Mutations

You are immune to sickness and miasma.
Your stone body is resilient. (AC +4)
You are immune to poison.
You resist negative energy. (rN+)
You are resistant to electric shocks. (rElec)
You are resistant to unholy torment.
You are immune to petrification.
You are partially covered in iridescent scales. (AC +2)
Your mind is very acute. (Int +8, Str/Dex -2)


Message History

The howler monkey hits you.
You sock the howler monkey!
The howler monkey is severely wounded.
The howler monkey hoots and howls with incredible vigour!
You completely miss the howler monkey.
The howler monkey is severely wounded.
You block the howler monkey's attack. The howler monkey barely misses you.
You sock the howler monkey!
You kill the howler monkey!
You sock the hobgoblin!
You kill the hobgoblin!
A goblin comes into view. It is wielding a +0 dagger.
You hit the ogre.
The ogre is lightly wounded.
The ogre closely misses you. The endoplasm freezes you.
You are frozen.
You barely miss the ogre.
The ogre is lightly wounded.
You block the ogre's attack. The endoplasm freezes you.
You are frozen.
You sock the ogre!
The ogre is moderately wounded.
The ogre closely misses you. The endoplasm hits you.
A ball python comes into view.
You barely miss the ogre.
The ogre is moderately wounded.
The ball python hisses angrily.
The endoplasm freezes you.
You are frozen.
The ogre hits you with a +0 giant club!
You hit the ogre.
The ogre is heavily wounded.
You block the endoplasm's attack.
An adder comes into view.
The ogre hits you with a +0 giant club!
* * * LOW HITPOINT WARNING * * *
The endoplasm freezes you.
You are frozen.
You die...

...............>..........#.##
........###...................
...........).#.#.###.#.....#.##
.###'##.#.###.#.#.#
#.#.#.#..... .. ......#.#
#.#.#.###'#'#.#...## .
.......[###.#...##......#...#
.................'......+....#
......#...#.##J###).....# #.#
......#....gO@...|).....#
....'.....##.###..###.#
..#.....##.###..# #.#
#..S.J##......# #.#.#
#........##...)..# #.#.#.#.
...S.....##......# #.#.#.#.
#..#............(###.#.#.#.
.........................#.
#....##..##.#+#..........#.


You could see an ogre, an adder (wandering), an endoplasm, a goblin and a ball
python.

Vanquished Creatures
  An ogre (D:4)
  A howler monkey (D:4)
  A sleepcap (D:3)
  Ijyb (D:3)
  2 orc wizards
  4 gnolls (D:4)
  An adder (D:3)
  A ribbon worm (D:2)
  A dart slug (D:1)
  5 orcs
  4 ball pythons
  11 bats
  4 endoplasms
  2 giant cockroaches
  6 goblins
  7 hobgoblins
  2 jackals (D:2)
  7 kobolds
  A quokka (D:1)
  3 frilled lizards
  3 rats
68 creatures vanquished.

Notes
Turn   | Place    | Note
-------+----------+-------------------------------------------
     0 | D:1      | Doomgape the Gargoyle Fighter began the quest for the Orb.
     0 | D:1      | Reached XP level 1. HP: 14/14 MP: 1/1
    47 | D:1      | Reached XP level 2. HP: 18/19 MP: 2/2
   608 | D:1      | Reached XP level 3. HP: 24/24 MP: 3/3
   806 | D:1      | Found a faded altar of an unknown god.
  1655 | D:3      | Reached XP level 4. HP: 29/29 MP: 4/4
  1810 | D:3      | Noticed Ijyb
  1821 | D:3      | Reached XP level 5. HP: 34/34 MP: 5/5
  1955 | D:3      | Gained mutation: Your mind is acute. (Int +4, Str/Dex -1)
                  | [potion of mutation]
  1955 | D:3      | Gained mutation: Your mind is very acute. (Int +8, Str/Dex
                  | -2) [potion of mutation]
  1955 | D:3      | Gained mutation: You are partially covered in iridescent
                  | scales. (AC +2) [potion of mutation]
  1962 | D:3      | Killed Ijyb
  2118 | D:3      | Identified the ring "Rioj" {rF+ SInv}
  2449 | D:4      | Noticed an ogre
  2457 | D:4      | Killed an ogre
  2458 | D:4      | Reached skill level 5 in Fighting
  2458 | D:4      | Reached XP level 6. HP: 33/40 MP: 6/6
  2540 | D:4      | Reached skill level 5 in Armour
  2906 | D:4      | Frozen to death by an endoplasm

Illustrated notes

Levels and vault maps discovered:
D:1:      minmay_arrival_up_and_down, layout_rooms,
          hellmonk_ecumenical_altar_leap_of_faith
D:2:      layout_basic, kennysheep_generic_room_11
D:3:      layout_rooms, uniq_ijyb
D:4:      layout_basic, ashenzari_altar_1, minmay_temple_entry_wispy,
          serial_shops, nicolae_shop_temple_entry_statues_fountains

Skill      XL: |  1  2  3  4  5  6 |
---------------+-------------------+-----
Fighting       | 4 5 |  5.3
Armour         | 4 5 |  5.2
Maces & Flails | 3 4 |  4.1
Shields        | |  3.2

Action                     |  1- 3 |  4- 6 || total
---------------------------+-------+-------++-------
  Melee: Flail             |   131 |   108 ||   239
  Evoke: Wand              |       |     1 ||     1
    Use: Scroll            |     1 |       ||     1
         Potion            |       |     3 ||     3
 Armour: Scale mail        |   108 |       ||   108
         Chain mail        |     4 |   126 ||   130
  Dodge: Dodged            |    97 |    38 ||   135
  Block: Buckler           |    35 |    19 ||    54
